IL
COLUMBUS CLIPPERS @ LEHIGH VALLEY IRONPIGS
06/02/2098
 
TOP OF THE 1ST
Columbus Clippers batting - Pitching for Lehigh Valley IronPigs : LHP Jose Moreno
Pitching: LHP Jose Moreno
Batting: RHB Bill Foulon 0-0: Foul Ball, location: 3F
0-1: Ball
1-1: Swinging Strike
1-2: Ball
2-2: Ball
3-2: Base on Balls
Batting: RHB John Walko 0-0: Foul Ball, location: 5F
0-1: Foul Ball, location: 7LDF
0-2: Grounds into double play, 6-4-3 (Groundball, 6, EV 89.4 MPH)
Batting: RHB Bill Meller 0-0: Ball
1-0: Called Strike
1-1: Ball
2-1: Ball
3-1: Base on Balls
Batting: LHB Victor Zavala 0-0: Ball
1-0: Ball
2-0: Called Strike
2-1: Foul Ball, location: 7LSF
2-2: Strikes out swinging
Top of the 1st over - 0 runs, 0 hits, 0 errors, 1 left on base; Columbus 0 - Lehigh Valley 0
BOTTOM OF THE 1ST
Lehigh Valley IronPigs batting - Pitching for Columbus Clippers : RHP Aurélio Anjinho
Pitching: RHP Aurélio Anjinho
Batting: LHB Francisco Castillo 0-0: Foul Ball, location: 7LDF
0-1: Foul Ball, location: 25F
0-2: Ball
1-2: Ball
2-2: Fly out, F6 (Popup, 6S, EV 83.8 MPH)
Batting: RHB Mike Hadley 0-0: Ball
1-0: Called Strike
1-1: Ball
2-1: Swinging Strike
2-2: Foul Ball, location: 2F
2-2: Foul Ball, location: 23F
2-2: DOUBLE (Line Drive, 5D, EV 102.5 MPH)
Batting: RHB Ricardo Ortiz 0-0: Ball
1-0: Foul Ball, location: 9LSF
1-1: Called Strike
1-2: Ball
2-2: Ball
3-2: Strikes out swinging
Batting: LHB Chris Gaughan 0-0: Ball
1-0: Ball
2-0: Swinging Strike
2-1: Ball
3-1: Foul Ball, location: 5DF
3-2: Base on Balls
Batting: RHB Dan Blackburn 0-0: Ball
1-0: Ground out 3-1 (Groundball, 34S, EV 80.0 MPH)
Bottom of the 1st over - 0 runs, 1 hit, 0 errors, 2 left on base; Columbus 0 - Lehigh Valley 0
TOP OF THE 2ND
Columbus Clippers batting - Pitching for Lehigh Valley IronPigs : LHP Jose Moreno
Batting: RHB Tyler O'Brien 0-0: SINGLE (Line Drive, 56D, EV 102.5 MPH)
Batting: LHB Zachary Moody 0-0: Called Strike
0-1: Ball
1-1: Swinging Strike
1-2: Strikes out swinging
Batting: RHB Gregorio Gonzalez 0-0: Ball
Pickoff Throw to First - Out! 1-3 CS
1-0: Ball
2-0: Ball
3-0: Called Strike
3-1: Fly out, F8 (Flyball, 8LD, EV 95.6 MPH)
Top of the 2nd over - 0 runs, 1 hit, 0 errors, 0 left on base; Columbus 0 - Lehigh Valley 0
BOTTOM OF THE 2ND
Lehigh Valley IronPigs batting - Pitching for Columbus Clippers : RHP Aurélio Anjinho
Batting: LHB Ryan McBride 0-0: Ball
1-0: Foul Ball, location: 2F
1-1: Foul Ball, location: 23F
1-2: Ball
2-2: Fly out, F9 (Line Drive, 9LS, EV 89.4 MPH)
Batting: RHB Jiao-long Xue 0-0: Called Strike
0-1: Fly out, F5 (Popup, 56S, EV 71.3 MPH)
Batting: RHB Jeff Hamill 0-0: Called Strike
0-1: Ball
1-1: Ball
2-1: Ball
3-1: Foul Ball, location: 5SF
3-2: SINGLE (Line Drive, 78S, EV 102.5 MPH)
Batting: RHB Jim Unknown 0-0: Ball
1-0: Swinging Strike
1-1: Ball
2-1: Foul Ball, location: 2F
2-2: Strikes out swinging
Bottom of the 2nd over - 0 runs, 1 hit, 0 errors, 1 left on base; Columbus 0 - Lehigh Valley 0
TOP OF THE 3RD
Columbus Clippers batting - Pitching for Lehigh Valley IronPigs : LHP Jose Moreno
Batting: SHB Mario Mendoza 0-0: Fly out, F7 (Flyball, 78S, EV 99.4 MPH)
Batting: RHB Trevor Vallee 0-0: Ball
1-0: Fly out, F7 (Flyball, 7LM, EV 101.9 MPH)
Batting: RHB Bill Foulon 0-0: Fly out, F9 (Line Drive, 9, EV 87.5 MPH)
Top of the 3rd over - 0 runs, 0 hits, 0 errors, 0 left on base; Columbus 0 - Lehigh Valley 0
BOTTOM OF THE 3RD
Lehigh Valley IronPigs batting - Pitching for Columbus Clippers : RHP Aurélio Anjinho
Batting: LHB Francisco Castillo 0-0: Called Strike
0-1: Foul Ball, location: 3SF
0-2: Ball
1-2: Ball
2-2: Foul Ball, location: 7LDF
2-2: Foul Ball, location: 2F
2-2: Ball
3-2: Foul Ball, location: 3FF
3-2: Fly out, F7 (Flyball, 7, EV 85.6 MPH)
Batting: RHB Mike Hadley 0-0: Ball
1-0: SINGLE (Groundball, 34D, EV 95.6 MPH)
Batting: RHB Ricardo Ortiz 0-0: Called Strike
Mike Hadley steals 2nd base
0-1: Swinging Strike
0-2: Strikes out swinging
Batting: LHB Chris Gaughan 0-0: Ball
1-0: Called Strike
1-1: Swinging Strike
1-2: Ground out 4-3 (Groundball, 4, EV 98.8 MPH)
Bottom of the 3rd over - 0 runs, 1 hit, 0 errors, 1 left on base; Columbus 0 - Lehigh Valley 0
TOP OF THE 4TH
Columbus Clippers batting - Pitching for Lehigh Valley IronPigs : LHP Jose Moreno
Batting: RHB John Walko 0-0: Ball
1-0: Ball
2-0: Foul Ball, location: 3F
2-1: Ball
3-1: Base on Balls
Batting: RHB Bill Meller 0-0: Ball
1-0: Ball
2-0: Ball
3-0: Called Strike
3-1: Base on Balls
John Walko to second
Batting: LHB Victor Zavala 0-0: Foul Ball, location: 5SF
0-1: Called Strike
0-2: SINGLE (Line Drive, 7LS, EV 100.6 MPH)
John Walko to third
Bill Meller to second
Batting: RHB Tyler O'Brien 0-0: Foul Ball, location: 9LMF
0-1: Ball
1-1: Fly out, F9 (Flyball, 9D, EV 95.6 MPH)
Runner from 3rd tags up, SCORES, throw by RF
Bill Meller to third
Batting: LHB Zachary Moody 0-0: Swinging Strike
0-1: Fly out, F7 (Flyball, 7LMF, EV 95.0 MPH)
Runner from 3rd tags up, SCORES, throw by LF
Batting: RHB Gregorio Gonzalez 0-0: DOUBLE (Line Drive, 78M, EV 103.8 MPH)
Victor Zavala to third
Batting: SHB Mario Mendoza 0-0: Swinging Strike
0-1: Called Strike
0-2: Foul Ball, location: 5F
0-2: Ball
1-2: Foul Ball, location: 9LDF
1-2: Ball
2-2: Ball
3-2: Foul Ball, location: 2F
3-2: SINGLE (Groundball, 6M, EV 81.9 MPH) (infield hit)
Victor Zavala scores
Gregorio Gonzalez to third
Batting: RHB Trevor Vallee 0-0: Called Strike
0-1: Swinging Strike
0-2: Ball
1-2: Ball
2-2: Ground out 4-3 (Groundball, 4, EV 103.1 MPH)
Top of the 4th over - 3 runs, 3 hits, 0 errors, 2 left on base; Columbus 3 - Lehigh Valley 0
BOTTOM OF THE 4TH
Lehigh Valley IronPigs batting - Pitching for Columbus Clippers : RHP Aurélio Anjinho
Batting: RHB Dan Blackburn 0-0: Ball
1-0: Swinging Strike
1-1: Swinging Strike
1-2: Ground out 6-3 (Groundball, 6, EV 83.1 MPH)
Batting: LHB Ryan McBride 0-0: Called Strike
0-1: Ball
1-1: Ball
2-1: DOUBLE (Flyball, 8LXD, EV 98.8 MPH)
Batting: RHB Jiao-long Xue 0-0: Called Strike
0-1: Ball
1-1: Ball
2-1: Fly out, F8 (Flyball, 8RM, EV 90.6 MPH)
Batting: RHB Jeff Hamill 0-0: 2-RUN HOME RUN (Flyball, 9LD, EV 96.3 MPH), Distance : 353 ft
Batting: RHB Jim Unknown 0-0: Ball
1-0: Ground out 6-3 (Groundball, 6, EV 90.0 MPH)
Bottom of the 4th over - 2 runs, 2 hits, 0 errors, 0 left on base; Columbus 3 - Lehigh Valley 2
TOP OF THE 5TH
Columbus Clippers batting - Pitching for Lehigh Valley IronPigs : LHP Jose Moreno
Batting: RHB Bill Foulon 0-0: Swinging Strike
0-1: Foul Ball, location: 2LF
0-2: Strikes out swinging
Batting: RHB John Walko 0-0: Ball
1-0: Ball
2-0: Ground out 6-3 (Groundball, 6M, EV 88.8 MPH)
Batting: RHB Bill Meller 0-0: Called Strike
0-1: Swinging Strike
0-2: Ball
1-2: Strikes out swinging
Top of the 5th over - 0 runs, 0 hits, 0 errors, 0 left on base; Columbus 3 - Lehigh Valley 2
BOTTOM OF THE 5TH
Lehigh Valley IronPigs batting - Pitching for Columbus Clippers : RHP Aurélio Anjinho
Batting: LHB Francisco Castillo 0-0: Ball
1-0: Ball
2-0: Ball
3-0: Called Strike
3-1: Called Strike
3-2: Foul Ball, location: 7LDF
3-2: Base on Balls
Batting: RHB Mike Hadley 0-0: Fly out, F7 (Line Drive, 78D, EV 89.4 MPH)
Batting: RHB Ricardo Ortiz 0-0: Called Strike
0-1: Grounds into double play, 6-4-3 (Groundball, 6S, EV 90.0 MPH)
Bottom of the 5th over - 0 runs, 0 hits, 0 errors, 0 left on base; Columbus 3 - Lehigh Valley 2
TOP OF THE 6TH
Columbus Clippers batting - Pitching for Lehigh Valley IronPigs : LHP Jose Moreno
Batting: LHB Victor Zavala 0-0: Called Strike
0-1: Ball
1-1: Foul Ball, location: 9LSF
1-2: Ball
2-2: Fly out, F9 (Line Drive, 9D, EV 98.1 MPH)
Batting: RHB Tyler O'Brien 0-0: Ball
1-0: Called Strike
1-1: Foul Ball, location: 2LF
1-2: Foul Ball, location: 9LMF
1-2: DOUBLE (Groundball, 5L, EV 100.0 MPH)
Batting: LHB Zachary Moody 0-0: Called Strike
0-1: Ball
1-1: Foul Ball, location: 3FF
1-2: Foul Ball, location: 3F
1-2: Ball
2-2: Foul Ball, location: 7LDF
2-2: Foul Ball, location: 2F
2-2: Foul Ball, location: 2F
2-2: Ball
3-2: DOUBLE (Flyball, 78XD, EV 100.6 MPH)
Tyler O'Brien scores
Batting: RHB Gregorio Gonzalez 0-0: Intentional Walk
Batting: SHB Mario Mendoza 0-0: Called Strike
0-1: Ball
1-1: Grounds into double play, 6-4-3 (Groundball, 6, EV 82.5 MPH)
Top of the 6th over - 1 run, 2 hits, 0 errors, 1 left on base; Columbus 4 - Lehigh Valley 2
BOTTOM OF THE 6TH
Lehigh Valley IronPigs batting - Pitching for Columbus Clippers : RHP Aurélio Anjinho
Batting: LHB Chris Gaughan 0-0: Ball
1-0: Fly out, F8 (Line Drive, 8RD, EV 84.4 MPH)
Batting: RHB Dan Blackburn 0-0: Called Strike
0-1: Swinging Strike
0-2: Foul Ball, location: 5FF
0-2: Ball
1-2: Foul Ball, location: 3F
1-2: Foul Ball, location: 3F
1-2: Ball
2-2: Ball
3-2: Strikes out looking
Batting: LHB Ryan McBride 0-0: Called Strike
0-1: Ball
1-1: Called Strike
1-2: Foul Ball, location: 2F
1-2: Fly out, F6 (Popup, 6MS, EV 72.5 MPH)
Bottom of the 6th over - 0 runs, 0 hits, 0 errors, 0 left on base; Columbus 4 - Lehigh Valley 2
TOP OF THE 7TH
Columbus Clippers batting - Pitching for Lehigh Valley IronPigs : LHP Jose Moreno
Batting: RHB Trevor Vallee 0-0: Ball
1-0: Fly out, F3 (Popup, 3L, EV 54.4 MPH)
Batting: RHB Bill Foulon 0-0: SINGLE (Groundball, 6MS, EV 73.1 MPH) (infield hit)
Batting: RHB John Walko 0-0: Called Strike
0-1: Foul Ball, location: 9LMF
0-2: Ball
1-2: SINGLE (Groundball, 6M, EV 104.4 MPH) (infield hit)
Bill Foulon to second
Batting: RHB Bill Meller 0-0: Called Strike
0-1: SINGLE (Groundball, 56D, EV 95.0 MPH)
Bill Foulon to third
John Walko to second
Batting: LHB Victor Zavala 0-0: DOUBLE (Flyball, 78XD, EV 100.6 MPH)
Bill Foulon scores
John Walko scores
Bill Meller to third
Pitching: LHP Roberto Arevalo
Batting: RHB Tyler O'Brien 0-0: Ball
1-0: Foul Ball, location: 2F
1-1: Foul Ball, location: 23FF
1-2: Foul Ball, location: 7LMF
1-2: Foul Ball, location: 2F
1-2: Ball
2-2: Ball
3-2: Base on Balls
Batting: LHB Zachary Moody 0-0: Swinging Strike
0-1: Called Strike
0-2: Strikes out looking
Batting: RHB Gregorio Gonzalez 0-0: Ball
1-0: Ball
2-0: Called Strike
2-1: Foul Ball, location: 9LSF
2-2: DOUBLE (Flyball, 78D, EV 110.0 MPH)
Bill Meller scores
Victor Zavala scores
Tyler O'Brien to third
Runner from 3rd tries for Home, SAFE, no throw by CF
Batting: SHB Mario Mendoza 0-0: Ball
1-0: Swinging Strike
1-1: Ball
2-1: Foul Ball, location: 5F
2-2: Ball
3-2: Strikes out swinging
Top of the 7th over - 5 runs, 5 hits, 0 errors, 1 left on base; Columbus 9 - Lehigh Valley 2
BOTTOM OF THE 7TH
Lehigh Valley IronPigs batting - Pitching for Columbus Clippers : RHP Aurélio Anjinho
Batting: RHB Jiao-long Xue 0-0: Called Strike
0-1: Ground out 5-3 (Groundball, 56S, EV 71.9 MPH)
Batting: RHB Jeff Hamill 0-0: Called Strike
0-1: Foul Ball, location: 2LF
0-2: Ball
1-2: Ground out 6-3 (Groundball, 56, EV 78.8 MPH)
Pinch Hitting: SHB Jim Unknown 0-0: Called Strike
0-1: Foul Ball, location: 2F
0-2: Ball
1-2: Ground out U3 (Groundball, 3, EV 84.4 MPH)
Bottom of the 7th over - 0 runs, 0 hits, 0 errors, 0 left on base; Columbus 9 - Lehigh Valley 2
TOP OF THE 8TH
Columbus Clippers batting - Pitching for Lehigh Valley IronPigs : LHP Roberto Arevalo
Now in CF: Jim Unknown
Batting: RHB Trevor Vallee 0-0: Swinging Strike
0-1: DOUBLE (Line Drive, 89D, EV 108.1 MPH)
Batting: RHB Bill Foulon 0-0: Called Strike
0-1: Foul Ball, location: 9LMF
0-2: Ball
1-2: Ball
2-2: Ball
3-2: Foul Ball, location: 23F
3-2: Fly out, F9 (Line Drive, 9S, EV 87.5 MPH)
Batting: RHB John Walko 0-0: Called Strike
0-1: Foul Ball, location: 7LMFF
0-2: Foul Ball, location: 3DF
0-2: Fly out, F8 (Flyball, 8RM, EV 92.5 MPH)
Batting: RHB Bill Meller 0-0: Fly out, F4 (Popup, 34S, EV 83.8 MPH)
Top of the 8th over - 0 runs, 1 hit, 0 errors, 1 left on base; Columbus 9 - Lehigh Valley 2
BOTTOM OF THE 8TH
Lehigh Valley IronPigs batting - Pitching for Columbus Clippers : RHP Aurélio Anjinho
Pitching: RHP Willie Moreno
Pinch Hitting: LHB Jim Unknown 0-0: Called Strike
0-1: Fly out, F8 (Flyball, 8RM, EV 75.6 MPH)
Pinch Hitting: RHB Jim Unknown 0-0: Ball
1-0: Fly out, F9 (Flyball, 9S, EV 86.9 MPH)
Batting: RHB Ricardo Ortiz 0-0: Foul Ball, location: 2F
0-1: Fly out, F7 (Flyball, 7LD, EV 105.0 MPH)
Bottom of the 8th over - 0 runs, 0 hits, 0 errors, 0 left on base; Columbus 9 - Lehigh Valley 2
TOP OF THE 9TH
Columbus Clippers batting - Pitching for Lehigh Valley IronPigs : LHP Roberto Arevalo
Now at SS: Jim Unknown
Now in LF: Jim Unknown
Now in RF: Chris Gaughan
Batting: LHB Victor Zavala 0-0: Ball
1-0: Swinging Strike
1-1: Ball
2-1: Swinging Strike
2-2: Strikes out swinging, 2-3 out at first.
Batting: RHB Tyler O'Brien 0-0: Called Strike
0-1: Foul Ball, location: 2F
0-2: Strikes out looking
Batting: LHB Zachary Moody 0-0: Called Strike
0-1: Called Strike
0-2: Ball
1-2: Strikes out swinging
Top of the 9th over - 0 runs, 0 hits, 0 errors, 0 left on base; Columbus 9 - Lehigh Valley 2
BOTTOM OF THE 9TH
Lehigh Valley IronPigs batting - Pitching for Columbus Clippers : RHP Willie Moreno
Batting: LHB Chris Gaughan 0-0: Foul Ball, location: 3FF
0-1: Called Strike
0-2: Ground out 2-3 (Groundball, 2R, EV 66.9 MPH)
Batting: RHB Dan Blackburn 0-0: Ball
1-0: Called Strike
1-1: Swinging Strike
1-2: Ball
2-2: Strikes out swinging
Batting: LHB Ryan McBride 0-0: Ball
1-0: Swinging Strike
1-1: Foul Ball, location: 2F
1-2: Strikes out swinging
Bottom of the 9th over - 0 runs, 0 hits, 0 errors, 0 left on base; Columbus 9 - Lehigh Valley 2
Thursday, April 4th , 2024 - OOTP Baseball 24.11 Build 85